 Dungeon Crawl Stone Soup version 0.32-a0-779-g362cfcae2a (webtiles) character file.

Game seed: 13336463724208821944

342 cforsyth the Chopper (level 6, -7/79 HPs)
             Began as a Mountain Dwarf Cinder Acolyte on Mar 19, 2024.
             Was a High Priest of Ignis.
             Mangled by a two-headed ogre
             ... wielding a +0 giant spiked club
              (12 damage)
             ... on level 5 of the Dungeon.
             The game lasted 00:07:26 (4426 turns).

cforsyth the Chopper (MDCA)                         Turns: 4426, Time: 00:07:28

Health: -7/79      AC: 23    Str: 19    XL:     6   Next: 30%
Magic:  9/9        EV:  2    Int: 14    God:    Ignis [*****.]
Gold:   181        SH:  0    Dex:  5    Spells: 7/9 levels left

rFire   + . .        a - -1 hand axe (flame)
rCold   . . .        (no shield)
rNeg    . . .        i - melded +0 scale mail
rPois   +            (helmet currently unavailable)
rElec   .            (cloak currently unavailable)
rCorr   .            (gloves currently unavailable)
SInv    .            (boots currently unavailable)
Will    .....        (no amulet)
Stlth   +            (no ring)
HPRegen 0.33/turn    (no ring)
MPRegen 0.11/turn

%: no passive effects
@: tree-form (expiring)
A: stationary, stasis, torment immunity, boosted hp, runic magic, artefact
enchanting
a: Renounce Religion, Fiery Armour, Foxfire Swarm, Rising Flame


You were on level 5 of the Dungeon.
You worshipped Ignis.
Ignis was extremely pleased with you.
You were a tree.
You visited 1 branch of the dungeon, and saw 5 of its levels.

You collected 181 gold pieces.


Innate Abilities, Weirdness & Mutations

You are a tree.
Your roots penetrate the ground, keeping you stationary.
You cannot be teleported.
You are immune to unholy pain and torment.
Your maximum health is greatly increased.
Your equipment is partially melded.
Your spellcasting is much less encumbered by armour.
You can use scrolls of enchantment on lesser artefacts.


   Skills:
 + Level 4.6 Fighting
 + Level 5.1 Axes
 + Level 2.7 Armour
 + Level 2.4 Spellcasting
 + Level 4.9 Fire Magic


You had 7 spell levels left.
You knew the following spells:

 Your Spells              Type           Power      Damage    Failure   Level
X - Scorch                Fire           30%        2d6       4%          2

Your spell library contained the following spells:

 Spells                   Type           Power      Damage    Failure   Level


Inventory:

Hand Weapons
 a - a -1 hand axe of flaming (weapon)
Armour
 b - a +0 robe
 i - a +0 scale mail (melded)
Potions
 e - a potion of attraction

Dungeon Overview and Level Annotations

Branches:
Dungeon (5/15)             Temple (0/1) D:5

Altars:
Hepliaklqana
Qazlal
Yredelemnul

Shops:
D:5 :!(

Annotations:
D:4 Edmund
D:5 3 runed translucent doors, hikkokomori's ghost, novice DEHs

,,*** #[#.....#=### *,*
#..#...#....#####
*,****###...#.#.........#*
,,*,,*#..................*
,,*+*,.................#**
,*~,***#.............?.#
*~~,****#......Y..#...##
+,,∩,,+,#......S#######
***,~~*,#......O♣.###
,,*,~,.##...##......##
,,*+*,.........[....)##
.....,......##........##*
.....,.....*#...........*
.$...,ß.ß.ß,##..........**
.....,.⌠.⌠,**###[.......,*
.....,ß.∩,ß,* #........#**
.....,.⌠,⌠,,**#....#####


You could see a two-headed ogre, a sky beast and an adder.


Message History

You closely miss the adder.
Your transformation is almost over.
The adder bites you but does no damage. The adder barely misses you.
You barely miss the adder.
The adder is almost dead.
You hit the two-headed ogre. You burn the two-headed ogre.
The two-headed ogre hits you with a +0 giant spiked club!
* * * LOW HITPOINT WARNING * * *
The two-headed ogre hits you with a +0 giant spiked club!
* * * LOW HITPOINT WARNING * * *
The adder bites you but does no damage.
Unknown command.
You hit the two-headed ogre but do no damage.
You barely miss the adder. The adder bites you but does no damage.
The two-headed ogre hits you but does no damage. x2
The adder bites you but does no damage.
Unknown command.
You closely miss the two-headed ogre.
The two-headed ogre is severely wounded.
You miss the adder. The adder bites you but does no damage.
Unknown command.
You hit the two-headed ogre. You burn the two-headed ogre.
The two-headed ogre is severely wounded.
You miss the adder.
You feel less invigorated.
You feel less confused.
The two-headed ogre hits you with a +0 giant spiked club!
* * * LOW HITPOINT WARNING * * *
The two-headed ogre hits you with a +0 giant spiked club!
You die...
Ignis goes out, and joins you in death.

Skill      XL: |  1  2  3  4  5 |
---------------+----------------+-----
Axes           | 4 5 |  5.1
Armour         | 1 2 |  2.7
Fire Magic     | 4 |  4.9
Fighting       | 4 |  4.6
Spellcasting   | 2 |  2.4

Action                     |  1- 3 |  4- 6 || total
---------------------------+-------+-------++-------
  Melee: Hand axe          |    65 |    76 ||   141
   Cast: Scorch            |    11 |    53 ||    64
    Use: Scroll            |       |     7 ||     7
         Potion            |       |     7 ||     7
 Armour: Robe              |    42 |    15 ||    57
         Scale mail        |       |    43 ||    43
         Skin              |       |    50 ||    50
  Dodge: Dodged            |    41 |    45 ||    86

Levels and vault maps discovered:
D:1:      mrwooster_arrival_statue_2, layout_basic,
          chequers_serial_rivers_small_3
D:2:      layout_loops_ring, minivault_11, minmay_misc_feat_tiny, hex_large,
          uniq_jessica
D:3:      layout_basic
D:4:      layout_basic, serial_library_hellmonk_recessed_alcove,
          mrwooster_statue_mirror, minmay_strange_pillars, uniq_natasha,
          uniq_edmund, uniq_blork_the_orc
D:5:      layout_cave_pools, nicolae_overflow_crystal_walls,
          nicolae_yredelemnul_ghost_church, nicolae_qazlal_beasts_of_the_sky,
          temple_statues, serial_shops, nicolae_shop_hallway_plus,
          nicolae_shop_temple_entry_statues_fountains,
          nicolae_shop_industrial_runoff, nicolae_shop_stone,
          nicolae_shop_tiny_statue_garden, kennysheep_big_empty_room

Notes
Turn   | Place    | Note
-------+----------+-------------------------------------------
     0 | D:1      | cforsyth the Mountain Dwarf Cinder Acolyte began the quest
                  | for the Orb.
     0 | D:1      | Reached XP level 1. HP: 19/19 MP: 2/2
   487 | D:1      | Reached XP level 2. HP: 26/26 MP: 3/3
  1100 | D:2      | Noticed Jessica
  1228 | D:1      | Learned a level 2 spell: Scorch
  1239 | D:2      | Killed Jessica
  1240 | D:2      | Reached skill level 4 in Axes
  1240 | D:2      | Reached skill level 1 in Armour
  1240 | D:2      | Reached skill level 4 in Fire Magic
  1240 | D:2      | Reached XP level 3. HP: 33/33 MP: 1/5
  1834 | D:2      | Reached XP level 4. HP: 34/40 MP: 1/6
  2663 | D:3      | Reached skill level 4 in Fighting
  2900 | D:3      | Reached skill level 2 in Armour
  3093 | D:4      | Reached XP level 5. HP: 46/46 MP: 2/7
  3245 | D:4      | Noticed Edmund
  3418 | D:5      | Entered Level 5 of the Dungeon
  3428 | D:5      | Found a hazy altar of Hepliaklqana.
  3440 | D:5      | Found Aviry's Antique Weapon Shop.
  3474 | D:5      | Noticed a two-headed ogre
  3486 | D:5      | Found Tixun's Distillery.
  3486 | D:5      | Noticed an ogre
  3549 | D:5      | Reached skill level 2 in Spellcasting
  4179 | D:5      | Killed an ogre
  4184 | D:5      | Found Piesat's Book Shoppe.
  4267 | D:5      | Found a runed translucent gate.
  4267 | D:5      | Found a runed translucent gate.
  4267 | D:5      | Found a runed translucent gate.
  4267 | D:5      | Noticed hikkokomori's ghost (novice DEHs)
  4269 | D:5      | Found a basalt altar of Yredelemnul.
  4290 | D:5      | Reached skill level 5 in Axes
  4290 | D:5      | Reached XP level 6. HP: 40/53 MP: 6/9
  4326 | D:5      | Found a staircase to the Ecumenical Temple.
  4398 | D:5      | Found a stormy altar of Qazlal.
  4398 | D:5      | Noticed a sky beast
  4414 | D:5      | HP: 6/79 [two-headed ogre/+0 giant spiked club (7)]
  4423 | D:5      | HP: 1/79 [two-headed ogre/+0 giant spiked club (7)]
  4426 | D:5      | Mangled by a two-headed ogre

Vanquished Creatures
  An ogre (D:5)
  A bullfrog zombie (D:5)
  A bombardier beetle (D:5)
  Jessica (D:2)
  An iguana (D:5)
  A hound zombie (D:5)
  4 gnolls (D:2)
  2 adders
  3 ribbon worms
  6 orcs
  4 endoplasms
  2 giant cockroaches (D:1)
  3 goblins
  5 hobgoblins
  4 jackals (D:3)
  4 kobolds
  4 quokkas
  3 ball pythons
  4 bats
  A frilled lizard (D:1)
  5 rats
60 creatures vanquished.

Table legend: (Time is in decaauts)
 A = Elapsed time spent in this place.
 B = Non-inter-level travel time spent in this place.
 C = Inter-level travel time spent in this place.
 D = Time resting spent in this place.
 E = Time spent auto-exploring this place.
 F = Levels seen in this place.
 G = Mean time per level.
                   A        B        C        D        E       F      G
               +--------+--------+--------+--------+--------+-----+--------+
         Total |   4444 |   4318 |    126 |    980 |   2429 |   5 |  888.8 |
       Dungeon |   4444 |   4318 |    126 |    980 |   2429 |   5 |  888.8 |
               +--------+--------+--------+--------+--------+-----+--------+

Top non-repeatable levels by time:
     D:1: 1148 daAuts
     D:2: 1112 daAuts
     D:5: 1010 daAuts
     D:3: 944 daAuts
     D:4: 228 daAuts

Table legend:
 A = Non-vault XP
 B = Vault XP
 C = Vault XP percentage of total XP
 D = Non-vault monster count
 E = Vault monster count
 F = Vault count percentage of total count
                 A         B        C        D         E       F
            +---------+---------+-------+---------+---------+-------
      Total |     383 |     106 |  21.7 |      57 |       3 |   5.0
            +---------+---------+-------+---------+---------+-------
        D:1 |      19 |       0 |   0.0 |      12 |       0 |   0.0
        D:2 |      87 |      37 |  29.8 |      16 |       1 |   5.9
        D:3 |      40 |       0 |   0.0 |      17 |       0 |   0.0
        D:4 |      24 |       0 |   0.0 |       7 |       0 |   0.0
        D:5 |     213 |      69 |  24.5 |       5 |       2 |  28.6
            +---------+---------+-------+---------+---------+-------
